[Event "Titled Tuesday Blitz May 9 Early 2023"]
[White "Shuvalov, Evgenij"]
[Black "Gutkin, Ilya"]
[WhiteFideId "4187237"]
[BlackFideId "16203470"]
[WhiteElo "2080"]
[BlackElo "2265"]
[Result "1/2-1/2"]
[Round "08"]
[TimeControl "180+2"]
[Date "2023.05.09"]
[WhiteClock "0:00:10"]
[BlackClock "0:00:13"]

1. d4 e6 2. c4 b6 3. e4 Bb7 4. Bd3 Bb4+ 5. Bd2 Qe7 6. Nf3 Bxd2+ 7. Qxd2 d6 8. Nc3 e5 9. O-O Nf6 10. Rfe1 O-O 11. Nd5 Bxd5 12. exd5 Nbd7 13. dxe5 dxe5 14. Nd4 Rfe8 15. Rad1 a5 16. Nb5 Qc5 17. Qc2 g6 18. Bf1 Kg7 19. g3 e4 20. Bg2 Ne5 21. d6 Nd3 22. Nxc7 Nxe1 23. Rxe1 Qxd6 24. Nxa8 Rxa8 25. Bxe4 Re8 26. Qc3 Qe5 27. Qxe5 Rxe5 28. f3 Nd7 29. Rd1 Nc5 30. Bd3 Nxd3 31. Rxd3 b5 32. cxb5 Rxb5 33. Rb3 Rd5 34. Kf2 Rd2+ 35. Ke3 Rxh2 36. Kd4 a4 37. Ra3 Rxb2 38. Rxa4 Rf2 39. Ke3 Rb2 40. Ra8 h5 41. a4 Ra2 42. a5 g5 43. a6 h4 44. gxh4 gxh4 45. Rb8 Rxa6 46. Rb4 h3 47. Rg4+ Rg6 48. Rh4 Rh6 49. Rxh6 Kxh6 50. Kf2 Kg5 51. Kg3 h2 52. Kxh2 Kf4 53. Kg2 Ke3 54. Kg3 f5 55. f4 Ke4 56. Kg2 Ke3 57. Kg3 Ke2 58. Kg2 Kd3 59. Kf3 Kd4 60. Kf2 Ke4 61. Kg2 Kxf4 62. Kf2 Ke4 63. Ke2 Kf4 64. Kf2 Kg4 65. Kg2 f4 66. Kf2 f3 67. Kf1 Kf4 68. Kf2 Ke4 69. Kf1 Ke3 70. Ke1 Kf4 71. Kf2 Kg4 72. Kf1 Kg3 73. Kg1 Kf4 74. Kf2 1/2-1/2


[Site "https://www.chess.com"]

[Event "Titled Tuesday Blitz May 9 Early 2023"]
[White "Mouhamad, Joachim"]
[Black "surrenderPLS"]
[WhiteFideId "656410"]
[WhiteElo "2125"]
[BlackElo "2514"]
[Result "0-1"]
[Round "08"]
[TimeControl "180+2"]
[Date "2023.05.09"]
[WhiteClock "0:00:00"]
[BlackClock "0:00:18"]

1. e4 c5 2. Nf3 d6 3. d4 cxd4 4. Nxd4 Nf6 5. Nc3 e5 6. Bb5+ Nbd7 7. Nde2 a6 8. Ba4 b5 9. Bb3 Bb7 10. Bg5 Be7 11. Bxf6 Nxf6 12. Ng3 Rc8 13. O-O O-O 14. Re1 g6 15. Qd3 Rc5 16. Rad1 b4 17. Na4 Rc8 18. c3 a5 19. cxb4 axb4 20. Qb5 Bc6 21. Qxb4 d5 22. Qb6 Bxa4 23. Qxd8 Rfxd8 24. Bxa4 Nxe4 25. Nxe4 dxe4 26. Rxd8+ Bxd8 27. g3 f5 28. Rd1 Bb6 29. Rd7 Rc7 30. Bb3+ Kf8 31. Rd6 Bd4 32. a4 Rc1+ 33. Kg2 Rb1 34. Rf6+ Ke7 35. Re6+ Kd7 36. a5 Rxb2 37. Bc4 Rxf2+ 38. Kh3 g5 39. Rh6 g4+ 40. Kh4 Rxh2+ 41. Kg5 Be3+ 42. Kxf5 Rxh6 0-1


[Site "https://www.chess.com"]

[Event "Titled Tuesday Blitz May 9 Early 2023"]
[White "Mrudul Dehankar"]
[Black "Titichoca Daza, Daniel"]
[WhiteFideId "25096990"]
[BlackFideId "3309550"]
[WhiteElo "2139"]
[BlackElo "2101"]
[Result "0-1"]
[Round "08"]
[TimeControl "180+2"]
[Date "2023.05.09"]
[WhiteClock "0:00:00"]
[BlackClock "0:00:04"]

1. e4 e5 2. Nf3 Nc6 3. Bb5 a6 4. Ba4 Nf6 5. O-O b5 6. Bb3 Bc5 7. d3 d6 8. h3 Na5 9. c3 Nxb3 10. axb3 O-O 11. Be3 Nd7 12. b4 Bxe3 13. fxe3 Bb7 14. Nbd2 c5 15. bxc5 Nxc5 16. Qc2 Rc8 17. d4 Ne6 18. Qd3 Qc7 19. Qe2 f6 20. Nh4 Ng5 21. Qg4 g6 22. Nhf3 Nf7 23. Rf2 Kg7 24. Raf1 Nh6 25. Qh4 Rce8 26. Ne1 Ng8 27. Nd3 Qe7 28. d5 Bc8 29. Qg3 a5 30. Nf3 Kh8 31. Nh4 f5 32. exf5 gxf5 33. Nxf5 Bxf5 34. Rxf5 Nh6 35. Rxf8+ Rxf8 36. Rxf8+ Qxf8 37. Qg5 Nf5 38. e4 Ne7 39. Nf2 Ng6 40. Ng4 Nf4 41. Nf6 h6 42. Qf5 Ne2+ 43. Kh2 Nf4 44. Qg4 Qf7 0-1


[Site "https://www.chess.com"]

[Event "Titled Tuesday Blitz May 9 Early 2023"]
[White "Gomes, Luiz Alexandre de Souza"]
[Black "Lehtosaari, Mauri"]
[WhiteFideId "2102790"]
[BlackFideId "501999"]
[WhiteElo "2405"]
[BlackElo "2513"]
[Result "0-1"]
[Round "08"]
[TimeControl "180+2"]
[Date "2023.05.09"]
[WhiteClock "0:00:02"]
[BlackClock "0:01:10"]

1. e4 d5 2. exd5 Qxd5 3. Nc3 Qd8 4. Bc4 Nf6 5. d3 Bg4 6. f3 Bh5 7. Qe2 Nc6 8. Be3 Nd4 9. Qf2 e5 10. O-O-O Be7 11. g4 Bg6 12. h4 h6 13. h5 Bh7 14. Nge2 Nxe2+ 15. Qxe2 c6 16. Bb3 b5 17. Rhe1 a5 18. a4 b4 19. Ne4 Nxe4 20. dxe4 Qc7 21. Qc4 O-O 22. Rg1 Rad8 23. Rd3 Rxd3 24. cxd3 Kh8 25. g5 hxg5 26. Bxg5 Bxg5+ 27. Rxg5 Qe7 28. Rg4 f5 29. Rg2 Bg8 30. Qc2 Bxb3 31. Qxb3 fxe4 32. fxe4 Rf1+ 33. Kd2 Qf6 34. Qc4 Qf4+ 0-1


[Site "https://www.chess.com"]

[Event "Titled Tuesday Blitz May 9 Early 2023"]
[White "ArrestingPieces"]
[Black "Namitbir Singh Walia"]
[BlackFideId "35071068"]
[WhiteElo "2399"]
[BlackElo "2239"]
[Result "0-1"]
[Round "08"]
[TimeControl "180+2"]
[Date "2023.05.09"]
[WhiteClock "0:00:12"]
[BlackClock "0:00:05"]

1. e4 c5 2. c3 d5 3. exd5 Qxd5 4. d4 Nc6 5. Nf3 Nf6 6. Be3 cxd4 7. cxd4 e6 8. Nc3 Qa5 9. Bd3 Nd5 10. O-O Nxe3 11. fxe3 Be7 12. Kh1 O-O 13. e4 Qh5 14. e5 b6 15. Be4 Bb7 16. Qe2 Rad8 17. Rad1 Ba8 18. h3 Nb4 19. Bxa8 Rxa8 20. d5 exd5 21. Nxd5 Nxd5 22. Rxd5 Rfd8 23. Rfd1 Qf5 24. Qb5 Rxd5 25. Qxd5 Rf8 26. a3 h6 27. b4 Rd8 28. Qb3 Rxd1+ 29. Qxd1 Qe6 30. Qd3 Bf8 31. Qa6 Qd7 32. Qc4 g6 33. Nd4 Bg7 34. Nc6 Qd1+ 35. Kh2 Qe1 36. Qd4 Kh7 37. a4 Qe2 38. b5 Qa2 39. Nd8 Qe2 40. Nxf7 Kg8 41. Qd5 Kh7 42. e6 Bf6 43. Nd6 Be5+ 44. Qxe5 Qxe5+ 45. g3 Qxd6 0-1


[Site "https://www.chess.com"]

[Event "Titled Tuesday Blitz May 9 Early 2023"]
[White "Baghdasaryan, Vahe"]
[Black "Gatterer, Florian"]
[WhiteFideId "13303139"]
[BlackFideId "811688"]
[WhiteElo "2216"]
[BlackElo "2221"]
[Result "1-0"]
[Round "08"]
[TimeControl "180+2"]
[Date "2023.05.09"]
[WhiteClock "0:00:30"]
[BlackClock "0:00:00"]

1. e4 c5 2. Nf3 e6 3. d4 cxd4 4. Nxd4 Nf6 5. Nc3 Nc6 6. Ndb5 Bc5 7. Nd6+ Ke7 8. Bf4 e5 9. Nf5+ Kf8 10. Bg5 Bb4 11. Bc4 d5 12. Bxd5 Bxf5 13. Bxf6 Qxf6 14. exf5 Rd8 15. Qf3 e4 16. Bxe4 Nd4 17. Qe3 Nxf5 18. Bxf5 Bxc3+ 19. bxc3 Qxf5 20. O-O g6 21. Qh6+ Ke7 22. Rfe1+ Kf6 23. Re3 Qxc2 24. Rae1 Rd5 25. g4 Rhd8 26. Rf3+ 1-0


[Site "https://www.chess.com"]

[Event "Titled Tuesday Blitz May 9 Early 2023"]
[White "Kirillov, Dmitry"]
[Black "Chernomordik, Pavel"]
[WhiteFideId "34180572"]
[BlackFideId "2804530"]
[WhiteElo "2161"]
[BlackElo "2193"]
[Result "0-1"]
[Round "08"]
[TimeControl "180+2"]
[Date "2023.05.09"]
[WhiteClock "0:00:00"]
[BlackClock "0:01:06"]

1. e4 g6 2. d4 Bg7 3. Nf3 d6 4. Nc3 a6 5. a4 b6 6. Bc4 e6 7. Bf4 Bb7 8. Qd2 Nd7 9. O-O h6 10. Rad1 Ne7 11. Rfe1 g5 12. Bg3 Ng6 13. Qd3 g4 14. Nd2 h5 15. e5 d5 16. Bxd5 Bxd5 17. Nxd5 exd5 18. e6 Nf6 19. exf7+ Kxf7 20. c4 c6 21. h3 Qd7 22. Be5 Rae8 23. f4 gxh3 24. gxh3 Nh4 25. Kh2 Qf5 26. Qg3 Ng6 27. Rg1 Bh6 28. Rdf1 h4 29. Qg2 Nh5 30. cxd5 Ngxf4 31. Bxf4 Bxf4+ 32. Kh1 Ng3+ 0-1


[Site "https://www.chess.com"]

[Event "Titled Tuesday Blitz May 9 Early 2023"]
[White "Shvedova, Alexandra"]
[Black "Kalajzic, Ivan"]
[WhiteFideId "54154782"]
[BlackFideId "14506378"]
[WhiteElo "1973"]
[BlackElo "2203"]
[Result "1-0"]
[Round "08"]
[TimeControl "180+2"]
[Date "2023.05.09"]
[WhiteClock "0:00:20"]
[BlackClock "0:00:17"]

1. d4 Nc6 2. c4 e5 3. dxe5 Nxe5 4. e4 Bc5 5. Nc3 d6 6. Bf4 Ng6 7. Bg3 Bd7 8. Nf3 Nf6 9. Qd2 O-O 10. Be2 Re8 11. Qc2 Nxe4 12. Nxe4 Bf5 13. Nfd2 Bxe4 14. Nxe4 Bb4+ 15. Nc3 f5 16. f3 f4 17. Bf2 Qg5 18. O-O Nh4 19. Bxh4 Qxh4 20. Ne4 Re5 21. Bd3 Rae8 22. g3 Qh3 23. Qg2 Qh6 24. Rac1 fxg3 25. hxg3 Rh5 26. a3 Ba5 27. b4 Bb6+ 28. c5 dxc5 29. bxc5 Ba5 30. Bc4+ Kh8 31. Rcd1 b5 32. Bf7 Rf8 33. Bxh5 Qxh5 34. Qh2 Qg6 35. Qh4 h6 36. Rd8 Rxd8 37. Qxd8+ Kh7 38. Qd3 b4 39. axb4 Bxb4 40. Kg2 a5 41. Rh1 Kh8 42. Qd8+ Kh7 43. Ng5+ Qxg5 44. Qxg5 a4 45. Qf5+ Kg8 46. Rd1 1-0


[Site "https://www.chess.com"]

[Event "Titled Tuesday Blitz May 9 Early 2023"]
[White "Pourkashiyan, Atousa"]
[Black "Avalos Parra, Joao"]
[WhiteFideId "12502014"]
[BlackFideId "3402541"]
[WhiteElo "2228"]
[BlackElo "2173"]
[Result "0-1"]
[Round "08"]
[TimeControl "180+2"]
[Date "2023.05.09"]
[WhiteClock "0:00:04"]
[BlackClock "0:00:33"]

1. e4 e5 2. Nf3 Nc6 3. Bb5 a6 4. Ba4 Nf6 5. O-O b5 6. Bb3 Bc5 7. c3 d6 8. d4 Bb6 9. h3 Bb7 10. Re1 Ne7 11. Nbd2 Ng6 12. Bc2 c5 13. d5 c4 14. Nf1 O-O 15. Ng3 Bc8 16. a4 Bd7 17. Be3 Bxe3 18. fxe3 Qb6 19. Kh2 b4 20. Nf5 a5 21. Nd2 Rac8 22. Qf3 Bxf5 23. exf5 Ne7 24. e4 bxc3 25. bxc3 Qb2 26. Rac1 Rc7 27. Nf1 Rb8 28. Ne3 Qxc3 29. Qe2 Rb2 30. g4 Nxe4 31. g5 Nxd5 32. f6 Nxe3 33. Kg1 Nxc2 34. Qxe4 Qg3+ 35. Kf1 Ne3+ 36. Qxe3 Qg2# 0-1


[Site "https://www.chess.com"]

[Event "Titled Tuesday Blitz May 9 Early 2023"]
[White "Rian, Kapriaga"]
[Black "Degenbaev, Aziz"]
[WhiteFideId "7103263"]
[BlackFideId "13802640"]
[WhiteElo "2327"]
[BlackElo "2152"]
[Result "0-1"]
[Round "08"]
[TimeControl "180+2"]
[Date "2023.05.09"]
[WhiteClock "0:00:00"]
[BlackClock "0:01:45"]

1. d4 Nf6 2. Nf3 g6 3. Bg5 Bg7 4. Nbd2 h6 5. Bh4 d6 6. e4 Nh5 7. Be2 c5 8. c3 cxd4 9. Nxd4 Nf4 10. O-O Nxe2+ 11. Qxe2 O-O 12. Bg3 Nc6 13. Nxc6 bxc6 14. f3 Qb6+ 15. Kh1 Qxb2 16. Rab1 Qxa2 17. Rfc1 a5 18. Qd3 Ba6 19. c4 Rab8 20. h4 Rb2 21. Rxb2 Qxb2 22. Rc2 Qd4 23. Qb3 h5 24. Kh2 Bh6 25. Nf1 Qd1 26. Rf2 Qxb3 0-1


[Site "https://www.chess.com"]

[Event "Titled Tuesday Blitz May 9 Early 2023"]
[White "I_KID_you_not"]
[Black "Hossain, Enamul"]
[BlackFideId "10200649"]
[WhiteElo "2302"]
[BlackElo "2433"]
[Result "0-1"]
[Round "08"]
[TimeControl "180+2"]
[Date "2023.05.09"]
[WhiteClock "0:02:25"]
[BlackClock "0:01:42"]

1. e4 c5 2. Nc3 Nc6 3. Bb5 Nd4 4. Nf3 a6 5. Bd3 g6 6. b4 Nxf3+ 7. Qxf3 cxb4 8. Nd5 Bg7 9. Rb1 e6 10. Ne3 Ne7 11. a3 O-O 12. axb4 d5 13. O-O d4 14. Nc4 b5 15. Na5 e5 16. c3 Be6 17. Bb2 dxc3 18. dxc3 Qc8 19. h3 Nc6 20. Nb3 Bxb3 0-1


[Site "https://www.chess.com"]

[Event "Titled Tuesday Blitz May 9 Early 2023"]
[White "babbilator"]
[Black "Arat, Ufuk Sezen"]
[BlackFideId "6309089"]
[WhiteElo "2292"]
[BlackElo "2289"]
[Result "1/2-1/2"]
[Round "08"]
[TimeControl "180+2"]
[Date "2023.05.09"]
[WhiteClock "0:00:12"]
[BlackClock "0:00:24"]

1. e4 c5 2. Nc3 e6 3. Nf3 d5 4. exd5 exd5 5. Bb5+ Nc6 6. O-O Nf6 7. d4 Be7 8. dxc5 O-O 9. Bg5 Bxc5 10. Bxf6 Qxf6 11. Nxd5 Qxb2 12. Rb1 Qxa2 13. Bxc6 bxc6 14. Nc7 Bf5 15. Ra1 Qc4 16. Nxa8 Rxa8 17. Re1 h6 18. Ne5 Qc3 19. Qf3 Qxf3 20. Nxf3 Bb6 21. c3 a5 22. Ne5 a4 23. Nc4 Bc7 24. Re7 Bf4 25. Rb7 Be6 26. Rb4 a3 27. Rxa3 Rd8 28. Ra1 c5 29. Rba4 Bg5 30. Ra8 Kh7 31. Rxd8 Bxd8 32. Ne3 Bf6 33. Rc1 Be5 34. Kf1 f5 35. g3 f4 36. gxf4 Bxf4 37. Kg2 Kg6 38. c4 Kf6 39. Rc2 Ke5 40. Nf1 Kd4 41. Ne3 Kd3 42. Rc1 Bxe3 43. fxe3 Bxc4 44. Kf3 Bd5+ 45. Kf4 g5+ 46. Ke5 Bf3 47. Rxc5 Kxe3 48. Kf5 g4 49. Rc2 Be4+ 50. Kxg4 Bxc2 51. Kh5 Kf4 52. Kxh6 Kg4 53. Kg7 Kh3 54. Kh8 Bg6 55. Kg7 Bh5 56. Kh8 Bg4 57. Kg7 Bf5 58. Kh8 Bg6 59. Kg7 Kxh2 1/2-1/2


[Site "https://www.chess.com"]

[Event "Titled Tuesday Blitz May 9 Early 2023"]
[White "Liu, Casper"]
[Black "Kiseleva, Arina"]
[WhiteFideId "1454153"]
[BlackFideId "4164989"]
[WhiteElo "2221"]
[BlackElo "1708"]
[Result "1-0"]
[Round "08"]
[TimeControl "180+2"]
[Date "2023.05.09"]
[WhiteClock "0:00:49"]
[BlackClock "0:00:02"]

1. b3 e5 2. Bb2 Nc6 3. g3 d6 4. Bg2 Be7 5. Nf3 f5 6. d4 e4 7. Nfd2 Nf6 8. c4 O-O 9. f3 exf3 10. exf3 d5 11. O-O dxc4 12. Nxc4 Nd5 13. Nc3 Nxc3 14. Bxc3 Bf6 15. Ne5 f4 16. gxf4 Ne7 17. Re1 Nd5 18. Qd2 Bf5 19. Rac1 c6 20. Bf1 Qd6 21. Bc4 b5 22. Bb4 Qd8 23. Nxc6 Qb6 24. Bxd5+ Kh8 25. Bc5 Qa6 26. Bxf8 Rxf8 27. Qa5 Bxd4+ 28. Kg2 Qxa5 29. Nxa5 Bb6 30. b4 g6 31. Re7 Rd8 32. Rd1 h5 33. Nc6 Rf8 34. Ne5 Bc2 35. Rc1 Bf5 36. Nf7+ Kg7 37. Rc6 Bd8 38. Nxd8+ Kh6 39. Nf7+ 1-0


[Site "https://www.chess.com"]

[Event "Titled Tuesday Blitz May 9 Early 2023"]
[White "Devaev, Alexander"]
[Black "Wimalasuriya, Kasun M."]
[WhiteFideId "4169395"]
[BlackFideId "9906789"]
[WhiteElo "2172"]
[BlackElo "2244"]
[Result "1-0"]
[Round "08"]
[TimeControl "180+2"]
[Date "2023.05.09"]
[WhiteClock "0:00:13"]
[BlackClock "0:00:50"]

1. Nf3 Nf6 2. c4 g6 3. Nc3 Bg7 4. e4 d6 5. d4 O-O 6. h3 Nfd7 7. Bg5 Nc6 8. Be2 f6 9. Be3 e5 10. d5 Ne7 11. g4 Nc5 12. Rg1 a5 13. h4 b6 14. h5 Kf7 15. Nh4 g5 16. Nf3 h6 17. Nd2 Kg8 18. f3 c6 19. Kf2 cxd5 20. cxd5 Bd7 21. Qf1 Nc8 22. Bb5 Na7 23. Bxd7 Qxd7 24. Nc4 Rab8 25. Na3 Rfc8 26. Ncb5 Nxb5 27. Qxb5 Qxb5 28. Nxb5 Nd3+ 29. Kg3 Bf8 30. Rg2 Rc4 31. Rd1 Nf4 32. Rgd2 a4 33. Bxf4 gxf4+ 34. Kf2 Rbc8 35. Ke2 R8c5 36. Na3 Rb4 37. Kd3 Rd4+ 38. Ke2 Rxd2+ 39. Kxd2 b5 40. Rc1 b4 41. Rxc5 dxc5 42. Nc4 Kf7 43. a3 Ke8 44. Kd3 Kd7 45. Nb6+ Kc7 46. Nxa4 bxa3 47. bxa3 c4+ 48. Kxc4 Bxa3 49. Nc5 Kd6 50. Ne6 Bc1 51. Ng7 Bd2 52. Nf5+ Kd7 53. Nxh6 Be1 54. Nf5 Bh4 55. h6 Bg5 56. h7 1-0


[Site "https://www.chess.com"]

[Event "Titled Tuesday Blitz May 9 Early 2023"]
[White "Srihari L R"]
[Black "Tuleyeva-Aketayeva, Dana"]
[WhiteFideId "46617116"]
[BlackFideId "13701932"]
[WhiteElo "2334"]
[BlackElo "2030"]
[Result "1-0"]
[Round "08"]
[TimeControl "180+2"]
[Date "2023.05.09"]
[WhiteClock "0:00:37"]
[BlackClock "0:00:00"]

1. Nf3 Nf6 2. c4 c5 3. b3 g6 4. Bb2 Bg7 5. g3 O-O 6. Bg2 e6 7. O-O d5 8. cxd5 exd5 9. d4 Ne4 10. Nbd2 Nc6 11. e3 cxd4 12. Nxd4 Nxd4 13. exd4 Bf5 14. Re1 Re8 15. g4 Nxd2 16. Rxe8+ Qxe8 17. gxf5 Ne4 18. fxg6 hxg6 19. Rc1 Rc8 20. Qd3 Rxc1+ 21. Bxc1 Qc6 22. Be3 f5 23. Bf1 a6 24. a4 Qc7 25. f3 Nf6 26. b4 Bf8 27. b5 a5 28. Qb3 Kg7 29. Qb2 Bd6 30. b6 Qe7 31. Bf2 Bb8 32. Qb5 f4 33. Qxa5 Nh5 34. Qxd5 Kh7 35. a5 1-0


[Site "https://www.chess.com"]

[Event "Titled Tuesday Blitz May 9 Early 2023"]
[White "Balla, Tamas-Kristof"]
[Black "cryptoguru02"]
[WhiteFideId "1208497"]
[WhiteElo "2334"]
[BlackElo "2591"]
[Result "1-0"]
[Round "08"]
[TimeControl "180+2"]
[Date "2023.05.09"]
[WhiteClock "0:00:12"]
[BlackClock "0:00:03"]

1. e4 g6 2. d4 Bg7 3. Nc3 d6 4. f4 Nf6 5. Nf3 O-O 6. Bd3 Nc6 7. e5 dxe5 8. fxe5 Nh5 9. O-O Nxd4 10. Be3 Nxf3+ 11. Qxf3 Bxe5 12. Rad1 Qe8 13. Ne4 Bd7 14. Ng5 Bg7 15. Nxh7 Kxh7 16. Qxh5+ Kg8 17. Qh4 Bb5 18. Bh6 Rd8 19. Rf3 Bxd3 20. Rdxd3 Rxd3 21. Rxd3 Qb5 22. Bxg7 Kxg7 23. Rh3 Qc5+ 24. Kh1 Qxc2 25. Qh6+ Kf6 26. Rf3+ Ke6 27. h3 Qd1+ 28. Kh2 Qd6+ 29. Kh1 Rd8 30. Qg7 Kd7 31. Qxf7 Kc8 32. Qb3 Qd1+ 33. Kh2 Qxb3 34. Rxb3 Rd6 35. Kg3 b6 36. Kg4 Kd7 37. Kg5 c5 38. g4 c4 39. Rb4 Rc6 40. h4 a5 41. Rb5 Re6 42. h5 gxh5 43. gxh5 Kc6 44. Rf5 b5 45. h6 Re1 46. h7 Rh1 47. Kg6 Rxh7 48. Kxh7 b4 49. Rf3 e5 50. Kg6 e4 51. Re3 Kd5 52. Kf5 Kd4 53. Rxe4+ Kd3 54. Re5 c3 55. bxc3 bxc3 56. Rxa5 c2 57. Rc5 Kd2 58. a4 1-0


[Site "https://www.chess.com"]

[Event "Titled Tuesday Blitz May 9 Early 2023"]
[White "Mika, Tomasz"]
[Black "Sadykov, Ramil"]
[WhiteFideId "1132970"]
[BlackFideId "24113590"]
[WhiteElo "2179"]
[BlackElo "2245"]
[Result "0-1"]
[Round "08"]
[TimeControl "180+2"]
[Date "2023.05.09"]
[WhiteClock "0:00:16"]
[BlackClock "0:00:51"]

1. d4 Nf6 2. Nf3 b5 3. g3 Bb7 4. Bg2 e6 5. O-O c5 6. a4 b4 7. c4 d5 8. Ne5 Nbd7 9. Bf4 Be7 10. Nd2 O-O 11. Ndf3 dxc4 12. Nxc4 Rc8 13. Nd6 Bxd6 14. Bxd6 Re8 15. Rc1 Qb6 16. dxc5 Nxc5 17. Ne5 Bxg2 18. Kxg2 Red8 19. Nc4 Qa6 20. a5 Nfe4 21. Qd4 Nxd6 22. Nxd6 Rxd6 0-1


[Site "https://www.chess.com"]

[Event "Titled Tuesday Blitz May 9 Early 2023"]
[White "Feinig, Mario"]
[Black "Gontcharov, Vladislav"]
[WhiteFideId "1618113"]
[BlackFideId "4123492"]
[WhiteElo "2163"]
[BlackElo "2420"]
[Result "0-1"]
[Round "08"]
[TimeControl "180+2"]
[Date "2023.05.09"]
[WhiteClock "0:00:11"]
[BlackClock "0:00:44"]

1. e4 e6 2. d3 c5 3. g3 Nc6 4. Bg2 g6 5. f4 Bg7 6. c3 Nge7 7. Nf3 d6 8. O-O O-O 9. Be3 Rb8 10. a4 b5 11. axb5 Rxb5 12. Qc2 a5 13. Na3 Rb8 14. Nc4 Ba6 15. e5 Nf5 16. Bf2 dxe5 17. Ncxe5 Nxe5 18. Nxe5 Bxe5 19. fxe5 Bxd3 20. Qc1 Bxf1 21. Bxf1 Qb6 22. g4 Ne7 23. Bh4 c4+ 24. Kh1 Rfd8 25. Bxe7 Qb7+ 26. Bg2 Qxe7 27. Rxa5 Qd7 28. Bf3 Qd2 29. Qf1 Rxb2 30. Bg2 Qxc3 31. Ra7 Rf8 32. h4 Qd4 33. h5 Qxa7 34. h6 Qf2 35. g5 Qxf1+ 36. Bxf1 Rd8 37. Bg2 Rd1+ 38. Kh2 c3 39. Kh3 Rxg2 40. Kxg2 c2 41. Kh3 c1=Q 42. Kh4 Qc4+ 43. Kg3 Rd3+ 44. Kf2 Qc2+ 0-1


[Site "https://www.chess.com"]

[Event "Titled Tuesday Blitz May 9 Early 2023"]
[White "Lorenzo De La Riva, Lazaro"]
[Black "Tarasova, Viktoriya"]
[WhiteFideId "2268809"]
[BlackFideId "4175840"]
[WhiteElo "2294"]
[BlackElo "2182"]
[Result "1-0"]
[Round "08"]
[TimeControl "180+2"]
[Date "2023.05.09"]
[WhiteClock "0:01:57"]
[BlackClock "0:00:00"]

1. d4 Nf6 2. Nf3 e6 3. e3 b6 4. Bd3 Bb7 5. O-O d5 6. b3 Bd6 7. Bb2 O-O 8. Nbd2 c5 9. a3 Nbd7 10. Ne5 Ne4 11. Bxe4 dxe4 12. Ndc4 Bxe5 13. dxe5 Ba6 14. Qe2 Qe7 15. Rfd1 Rad8 16. Qg4 f5 17. exf6 Nxf6 18. Qh4 Rxd1+ 19. Rxd1 Rd8 20. Rc1 Bxc4 21. bxc4 Rd2 22. Bc3 Rd6 23. h3 e5 24. a4 Qe6 25. Qg5 Nd7 26. a5 h6 27. Qg3 bxa5 28. Ra1 Qxc4 29. Bxe5 Nxe5 30. Qxe5 Rd2 31. Rxa5 Rd1+ 32. Kh2 Rd5 33. Qe6+ Kh7 34. Rxa7 1-0


[Site "https://www.chess.com"]

[Event "Titled Tuesday Blitz May 9 Early 2023"]
[White "Andrews, Todd"]
[Black "Spitzl, Vinzent"]
[WhiteFideId "2012456"]
[BlackFideId "12901253"]
[WhiteElo "2173"]
[BlackElo "2225"]
[Result "1-0"]
[Round "08"]
[TimeControl "180+2"]
[Date "2023.05.09"]
[WhiteClock "0:01:07"]
[BlackClock "0:00:24"]

1. e4 c5 2. Nf3 d6 3. d4 cxd4 4. Nxd4 Nf6 5. Nc3 a6 6. Bc4 e6 7. Bb3 Nc6 8. Be3 Be7 9. Qe2 Na5 10. O-O-O Nxb3+ 11. axb3 O-O 12. g4 Qc7 13. g5 Nd7 14. h4 b5 15. Nf5 exf5 16. Nd5 Qd8 17. exf5 Bb7 18. f6 gxf6 19. gxf6 Nxf6 20. Nxe7+ Qxe7 21. Rhg1+ Kh8 22. Bd4 Qd8 23. Qg4 Rg8 24. Qxg8+ Qxg8 25. Bxf6+ 1-0


[Site "https://www.chess.com"]

[Event "Titled Tuesday Blitz May 9 Early 2023"]
[White "Thorhallsson, Simon"]
[Black "Mazurkiewicz, Michal"]
[WhiteFideId "2310090"]
[BlackFideId "1124943"]
[WhiteElo "2108"]
[BlackElo "2054"]
[Result "1-0"]
[Round "08"]
[TimeControl "180+2"]
[Date "2023.05.09"]
[WhiteClock "0:00:11"]
[BlackClock "0:00:01"]

1. e4 d6 2. d4 Nf6 3. Nc3 c6 4. f4 Qb6 5. e5 Nd5 6. Nxd5 cxd5 7. c3 Bf5 8. Bd3 g6 9. Bxf5 gxf5 10. Qd3 e6 11. Nf3 Nc6 12. O-O Be7 13. Kh1 O-O 14. g4 fxg4 15. Rg1 Kh8 16. Rxg4 Rg8 17. Rg3 Rg6 18. f5 exf5 19. Qxf5 dxe5 20. dxe5 Qf2 21. Bd2 Rag8 22. Rag1 Bh4 23. Be1 Bxg3 24. Bxf2 Bxf2 25. Rxg6 Rxg6 26. Qxf7 Bc5 27. h4 Rg8 28. h5 Be7 29. h6 Rf8 30. Qh5 Kg8 31. Qg4+ Kf7 32. Ng5+ Ke8 33. Ne6 Rf7 34. Qg8+ Bf8 35. Nxf8 Rxf8 36. Qxh7 Rf1+ 37. Kg2 Re1 38. Qg8+ Kd7 39. h7 Nxe5 40. h8=Q Re2+ 41. Kf1 Rf2+ 42. Kxf2 Nd3+ 43. Ke3 1-0


[Site "https://www.chess.com"]

[Event "Titled Tuesday Blitz May 9 Early 2023"]
[White "Umarov, Sabir"]
[Black "Baches Garcia, Guillermo"]
[WhiteFideId "14200538"]
[BlackFideId "2209764"]
[WhiteElo "2383"]
[BlackElo "2501"]
[Result "0-1"]
[Round "08"]
[TimeControl "180+2"]
[Date "2023.05.09"]
[WhiteClock "0:00:10"]
[BlackClock "0:00:21"]

1. e4 c5 2. Nc3 d6 3. f4 Nc6 4. Bb5 g6 5. Bxc6+ bxc6 6. Nf3 Bg7 7. O-O Nf6 8. d3 O-O 9. Bd2 c4 10. dxc4 Qb6+ 11. Kh1 Qxb2 12. e5 Nd7 13. Rb1 Qa3 14. Rb3 Qc5 15. Ne4 Qxc4 16. Rb4 Qxa2 17. exd6 exd6 18. Nxd6 Ba6 19. Re1 Nb6 20. Qc1 Rad8 21. Ne4 Nd5 22. Rb3 Bc4 23. Ra3 Qb2 24. Qxb2 Bxb2 25. Rxa7 Nf6 26. Nxf6+ Bxf6 27. Bb4 Rfe8 28. Ne5 Bd5 29. Bc3 Bg7 30. Kg1 f6 31. Nd3 Be4 32. Nc5 Bxc2 33. Ne6 Bf8 34. Nxd8 Bc5+ 35. Kh1 Rxe1+ 36. Bxe1 Bxa7 37. Nxc6 Bc5 38. Bb4 Be3 39. g3 Be4# 0-1


[Site "https://www.chess.com"]

[Event "Titled Tuesday Blitz May 9 Early 2023"]
[White "Omariev, Maksim"]
[Black "Andreev, Konstantin"]
[WhiteFideId "4193423"]
[BlackFideId "24239305"]
[WhiteElo "2381"]
[BlackElo "2106"]
[Result "1-0"]
[Round "08"]
[TimeControl "180+2"]
[Date "2023.05.09"]
[WhiteClock "0:00:03"]
[BlackClock "0:00:13"]

1. g4 d5 2. Bg2 Bxg4 3. c4 Be6 4. Qb3 Qc8 5. cxd5 Bd7 6. Nc3 Nf6 7. d4 g6 8. Bf4 Bg7 9. Rc1 O-O 10. e4 e6 11. dxe6 Bxe6 12. d5 Bd7 13. Nge2 Re8 14. O-O Bh3 15. f3 Bxg2 16. Kxg2 Nh5 17. Bg5 h6 18. Be3 c6 19. Nf4 Nxf4+ 20. Bxf4 Qd8 21. Qxb7 Nd7 22. dxc6 Nc5 23. Qb5 Nd3 24. Be3 Nxc1 25. Rxc1 Rb8 26. Qe2 Qd6 27. Nb5 Qb4 28. Nxa7 Qxb2 29. Rc2 Qe5 30. c7 Rbc8 31. Nxc8 Rxc8 32. Qc4 Bf8 33. Qd5 Qe7 34. Qb7 Qd7 35. Bf4 g5 36. Bg3 h5 37. h3 h4 38. Bh2 Qd1 39. Rf2 Qd7 40. a4 Bc5 41. Re2 Qd3 42. Qxc8+ Kh7 43. Rb2 Qd4 44. Qb7 g4 45. hxg4 h3+ 46. Kxh3 Qe3 47. e5 Qxf3+ 48. Qxf3 1-0


[Site "https://www.chess.com"]

[Event "Titled Tuesday Blitz May 9 Early 2023"]
[White "Mirzoev, Azer"]
[Black "Salman, Pavel"]
[WhiteFideId "13400304"]
[BlackFideId "24153753"]
[WhiteElo "2525"]
[BlackElo "2187"]
[Result "1-0"]
[Round "08"]
[TimeControl "180+2"]
[Date "2023.05.09"]
[WhiteClock "0:01:36"]
[BlackClock "0:00:03"]

1. e4 c5 2. Nc3 e6 3. g3 d6 4. Bg2 Nf6 5. d3 Nc6 6. f4 g6 7. Nh3 Bg7 8. O-O Nd4 9. Ne2 Nd7 10. c3 Nxe2+ 11. Qxe2 Qe7 12. Bd2 O-O 13. Rae1 Rb8 14. f5 exf5 15. exf5 Qxe2 16. Rxe2 gxf5 17. Bf4 Ne5 18. d4 cxd4 19. cxd4 Nc4 20. Rd1 Rd8 21. b3 Nb6 22. Bg5 f6 23. Bh4 Bd7 24. Nf4 Re8 25. Rf2 Kf7 26. Bf3 Re3 27. Bh5+ Kg8 28. d5 Rc8 29. Ne6 Bxe6 30. dxe6 Rxe6 31. Rxf5 Rc5 32. Rxc5 dxc5 33. Rd8+ Bf8 34. Bf3 Kg7 35. Rb8 Kg6 36. Rxf8 c4 37. bxc4 Nxc4 38. Bd5 Re1+ 39. Kf2 Rc1 40. Be4+ Kg7 41. Rc8 b5 42. Rc7+ Kf8 43. Bxf6 Ke8 44. Bxh7 Rd1 45. Bg6+ Kf8 46. Rc8+ Rd8 47. Rxd8# 1-0


[Site "https://www.chess.com"]